 Dungeon Crawl Stone Soup version 0.21-a0-265-gb353147 (webtiles) character file.

35 SQman the Insei (level 3, -2/23 HPs)
             Began as an Octopode Transmuter on Sept 12, 2017.
             Slain by a worm (8 damage)
             ... on level 2 of the Dungeon.
             The game lasted 00:09:03 (959 turns).

SQman the Insei (Octopode Transmuter)                Turns: 959, Time: 00:09:04

Health: -2/23      AC:  1    Str:  9    XL:     3   Next: 35%
Magic:  6/6        EV: 13    Int: 16    God:
Gold:   25         SH:  0    Dex: 12    Spells: 0/6 levels left

rFire    + . .     SeeInvis .   h - -3 short sword (curse)
rCold    x . .     Gourm    .   (no shield)
rNeg     . . .     Faith    .   (helmet restricted)
rPois    .         Spirit   .   (no amulet)
rElec    .         Reflect  .   i - ring of fire
rCorr    .         Harm     .   (no ring)
MR       .....                  (no ring)
Stlth    ++........             (no ring)
HPRegen  0.07/turn              (no ring)
MPRegen  0.10/turn              (no ring)
                                (no ring)
                                (no ring)

@: no status effects
A: almost no armour, stealthy swim, amphibious, 8 rings, constrict 8, camouflage
1, gelatinous body 1
a: no special abilities


You were on level 2 of the Dungeon.
You were not hungry.

You visited 1 branch of the dungeon, and saw 2 of its levels.

You collected 25 gold pieces.

Inventory:

Hand Weapons
 h - a cursed -3 short sword (weapon)
Missiles
 a - 11 arrows
 e - 67 stones (quivered)
Jewellery
 i - a ring of fire (left tentacle)
Scrolls
 f - 2 scrolls of magic mapping
 g - a scroll of teleportation
 j - 2 scrolls of fog
Books
 b - a book of Changes

   Spells                             Type                      Level
   a - Beastly Appendage              Transmutation                1
   b - Sticks to Snakes               Transmutation                2
   c - Spider Form                    Transmutation/Poison         3
   d - Ice Form                       Ice/Transmutation            4
   e - Blade Hands                    Transmutation                5
Comestibles
 c - a bread ration
 d - a chunk of flesh
 k - a royal jelly


   Skills:
 + Level 1.1 Fighting
 + Level 0.4 Short Blades
 + Level 2.2 Dodging
 + Level 0.4 Stealth
 + Level 3.5 Unarmed Combat
 + Level 2.3 Spellcasting
 + Level 2.2 Transmutations


You couldn't memorise any spells.
You knew the following spells:

 Your Spells              Type           Power        Failure   Level  Hunger
a - Beastly Appendage     Tmut           #.....       9%          1    #......
b - Sticks to Snakes      Tmut           #.......     12%         2    ###....
c - Spider Form           Tmut/Pois      #.........   36%         3    ###....


Dungeon Overview and Level Annotations

Branches:
Dungeon (2/15)

Altars:


Innate Abilities, Weirdness & Mutations

You cannot wear most types of armour.
You are very stealthy in the water. (Stealth+)
You are amphibious.
You can wear up to eight rings at the same time.
You can use your tentacles to constrict eight enemies at once.
Your skin changes colour to match your surroundings (Stealth+).
Your rubbery body absorbs attacks. (AC +1, EV +1)


Message History

You closely miss the frilled lizard. Your grab misses the frilled lizard.
The frilled lizard bites you.
You miss the frilled lizard. Your grab misses the frilled lizard.
The frilled lizard barely misses you.
You closely miss the frilled lizard. Your grab misses the frilled lizard.
You squeeze the frilled lizard.
You kill the frilled lizard!
You see here a frilled lizard corpse.
You hit the worm but do no damage. Your grab misses the worm.
The worm bites you.
* * * LOW HITPOINT WARNING * * *
You hit the worm but do no damage. Your grab misses the worm.
The worm closely misses you.
You hit the worm. You grab the worm.
The worm is lightly wounded.
You constrict the worm. You hit the worm. You tentacle-slap the worm.
The worm is heavily wounded.
You constrict the worm. The worm bites you!
You die...

..#...#..###....
.......<........
#.....#.......#
#.### #รท.....##
#......#
#######......##
..............#
..............#
.......@......#
.......w........
..............##
..............#
.g......%....!#
...............#
................
..............#.


You could see a worm and a goblin.

Vanquished Creatures
  An ooze (D:1)
  4 bats (D:1)
  6 goblins (D:1)
  2 hobgoblins (D:1)
  2 jackals (D:2)
  5 kobolds (D:1)
  6 frilled lizards
  2 rats (D:1)
28 creatures vanquished.

Vanquished Creatures (collateral kills)
  A frilled lizard (D:1)
1 creature vanquished.

Grand Total: 29 creatures vanquished

Notes
Turn   | Place    | Note
-------+----------+-------------------------------------------
     0 | D:1      | SQman the Octopode Transmuter began the quest for the Orb.
     0 | D:1      | Reached XP level 1. HP: 13/13 MP: 3/3
   104 | D:1      | Reached XP level 2. HP: 11/18 MP: 5/5
   350 | D:1      | Learned a level 2 spell: Sticks to Snakes
   530 | D:1      | Reached XP level 3. HP: 18/23 MP: 6/6
   535 | D:1      | Learned a level 3 spell: Spider Form
   959 | D:2      | Slain by a worm

Vault maps used:
D:1:      dpeg_arrival_simpleton_b, minmay_misc_feat_encased,
          minmay_statues_item
D:2:      lightli_temple_of_fire, nicolae_gozag_cash_rules_everything_around_me,
          wad_floor_pattern_1, uniq_robin

Action                   || total
-------------------------++-------
Melee: Unarmed           ||    37
       Tentacles         ||    14
       Constrict         ||    11
       Kick              ||     1
       Short sword       ||    44
       Punch             ||     2
Throw: Stone             ||     1
 Cast: Beastly Appendage ||     4
       Spider Form       ||     1
       Sticks to Snakes  ||     1
  Use: Scroll            ||     5
       Potion            ||     2
 Stab: Sleeping          ||     3
Armor: Skin              ||    13
Dodge: Dodged            ||    52

Table legend:
 A = Spawn XP
 B = Non-spawn XP
 C = Spawn XP percentage of total XP
 D = Spawn monster count
 E = Non-spawn monster count
 F = Spawn count percentage of total count
 G = Total turns spent on level
                    A         B        C        D         E        F      G
               +---------+---------+-------+---------+---------+-------+---------
         Total |       0 |      51 |   0.0 |       0 |      29 |   0.0 |   959
               +---------+---------+-------+---------+---------+-------+---------
           D:1 |       0 |      45 |   0.0 |       0 |      25 |   0.0 |   926
           D:2 |       0 |       6 |   0.0 |       0 |       4 |   0.0 |    33
               +---------+---------+-------+---------+---------+-------+---------
